 Dungeon Crawl Stone Soup version 0.27-a0-1116-g91b3acb402 (console) character file.

Game seed: 16064866438398758489

21 jejorda2 the Poker (level 2, 0/24 HPs)
             Began as a Merfolk Berserker on May 1, 2021.
             Was a Follower of Trog.
             Slain by a hobgoblin (2 damage)
             ... led by Robin
             ... on level 2 of the Dungeon.
             The game lasted 00:01:51 (695 turns).

jejorda2 the Poker (Merfolk Berserker)               Turns: 695, Time: 00:01:52

Health: 0/24       AC:  4    Str: 17    XL:     2   Next: 83%
Magic:  2/2        EV: 12    Int:  6    God:    Trog [*.....]
Gold:   57         SH:  0    Dex: 13    Spells: 1/1 levels left

rFire    . . .     SeeInvis .   a - +1 spear
rCold    . . .     Faith    .   (no shield)
rNeg     . . .     Spirit   .   c - +0 leather armour
rPois    .         Reflect  .   (no helmet)
rElec    .         Harm     .   (no cloak)
rCorr    .         Rampage  .   e - +0 pair of gloves
Will     .....                  (no boots)
Stlth    +.........             (no amulet)
HPRegen  0.08/turn              (no ring)
MPRegen  0.08/turn              (no ring)

@: no status effects
A: (nimble swimmer 2), mertail
a: Renounce Religion, Berserk


You were on level 2 of the Dungeon.
You worshipped Trog.
Trog was aware of your devotion.
You visited 1 branch of the dungeon, and saw 2 of its levels.

You collected 57 gold pieces.

Inventory:

Hand Weapons
 a - a +1 spear (weapon)
Armour
 c - a +0 leather armour (worn)
 e - a +0 pair of gloves (worn)
Scrolls
 h - 3 scrolls of fear {unknown}
Potions
 d - a potion of haste {unknown}
 f - a potion of mutation {unknown}


   Skills:
 + Level 3.5 Fighting
 * Level 5.2 Polearms
 + Level 1.6 Armour
 - Level 2.6 Dodging


You had one spell level left.
You didn't know any spells.
Your spell library was empty.

Dungeon Overview and Level Annotations

Branches:
Dungeon (2/15)

Altars:

Annotations:
D:2 Robin


Innate Abilities, Weirdness & Mutations

((You are quick and stealthy near water. (Stealth+, EV+, Speed+++)))
Your lower body shifts to a powerful aquatic tail in water.


Message History

You closely miss the goblin.
A hobgoblin comes into view.
The goblin barely misses you.
A goblin comes into view. It is wielding a +0 dagger.
The hobgoblin shouts!
You hit the goblin but do no damage.
A goblin comes into view. It is wielding a +0 club.
The goblin completely misses you.
You hit the goblin.
The goblin is severely wounded.
Robin roars a battlecry!
The goblins go into a battle-frenzy!
A goblin comes into view. It is wielding a +0 dagger.
A goblin comes into view. It is wielding a +0 club.
The goblin hits you with a +0 club. Robin throws the goblin at you!
The goblin misses you.
You hit the goblin but do no damage. The goblin hits you but does no damage.
Robin says, "Kneel, worm!"
Robin throws the goblin at you! The hobgoblin hits you.
The goblin barely misses you. x2
You hit the goblin.
You kill the goblin!
Trog accepts your kill. The goblin hits you with a +0 club.
Robin throws the goblin at you! The goblin closely misses you.
The hobgoblin misses you. The goblin hits you with a +0 club.
* * * LOW HITPOINT WARNING * * *
As you read the scroll labelled XUFRAN MUZESS, it crumbles to dust.
It is a scroll of enchant weapon.
Your +0 spear glows red for a moment.
The goblin closely misses you.
The goblin barely misses you. x2; The hobgoblin completely misses you.
The goblin hits you with a +0 club.
* * * LOW HITPOINT WARNING * * *
This is a scroll of acquirement!
Something appears at your feet! The goblin closely misses you.
The goblin hits you but does no damage.
A giant cockroach comes into view.
The hobgoblin misses you. The goblin closely misses you.
The hobgoblin hits you.
You die...

#........ #.......
...... ....###
...K. #+#.g#
#######.ggg##.#...
........g@gggg..B.
######.##g###..#.
##########....#
#.........#####
#.........#
#.).......#
#..[......+
#.........#
#..<......#


You could see Robin, a giant cockroach (wandering), 2 hobgoblins, 7 goblins and
a kobold.

Vanquished Creatures
  2 endoplasms
  A giant cockroach (D:2)
  4 goblins
  2 hobgoblins (D:1)
  3 kobolds (D:1)
  3 ball pythons (D:1)
  A bat (D:1)
  3 frilled lizards (D:1)
  A rat (D:1)
20 creatures vanquished.

Notes
Turn   | Place    | Note
-------+----------+-------------------------------------------
     0 | D:1      | jejorda2 the Merfolk Berserker began the quest for the Orb.
     0 | D:1      | Reached XP level 1. HP: 18/18 MP: 1/1
   121 | D:1      | Reached XP level 2. HP: 24/24 MP: 2/2
   185 | D:1      | Found a faded altar of an unknown god.
   232 | D:1      | Reached skill level 5 in Polearms
   686 | D:2      | Noticed Robin
   695 | D:2      | Identified a scroll of acquirement
   695 | D:2      | Acquired a +1 vampiric demon trident
   695 | D:2      | Slain by a hobgoblin

Illustrated notes

Levels and vault maps discovered:
D:1:      minmay_arrival_solitary_statue, layout_basic,
          ebering_ecumenical_altar_mist
D:2:      layout_basic, uniq_crazy_yiuf_cottage, uniq_robin

Skill      XL: |  1  2 |
---------------+-------+-----
Polearms       | 5 |  5.2
Fighting       | |  3.5
Armour         | |  1.6
Dodging        | |  2.6

Action                   || total
-------------------------++-------
Melee: Spear             ||    58
  Use: Scroll            ||     2
 Stab: Sleeping          ||     1
Armor: Leather armour    ||    10
Dodge: Dodged            ||    35

Table legend: (Time is in decaauts)
 A = Elapsed time spent in this place.
 B = Non-inter-level travel time spent in this place.
 C = Inter-level travel time spent in this place.
 D = Time resting spent in this place.
 E = Time spent auto-exploring this place.
 F = Levels seen in this place.
 G = Mean time per level.
                   A        B        C        D        E       F      G
               +--------+--------+--------+--------+--------+-----+--------+
         Total |    685 |    665 |     20 |      0 |    537 |   2 |  342.5 |
       Dungeon |    685 |    665 |     20 |      0 |    537 |   2 |  342.5 |
               +--------+--------+--------+--------+--------+-----+--------+

Top non-repeatable levels by time:
     D:1: 661 daAuts
     D:2: 24 daAuts
